 Dungeon Crawl Stone Soup version 0.22-a0-162-g33bf127 (webtiles) character file.

11 Amnesiac the Magician (level 2, -2/19 HPs)
             Began as a Mummy Earth Elementalist on Feb 12, 2018.
             Slain by a goblin (3 damage)
             ... on level 1 of the Dungeon.
             The game lasted 00:01:21 (405 turns).

Amnesiac the Magician (Mummy Earth Elementalist)     Turns: 405, Time: 00:01:22

Health: -2/19      AC:  3    Str: 11    XL:     2   Next: 17%
Magic:  1/5        EV: 12    Int: 14    God:
Gold:   6          SH:  0    Dex: 12    Spells: 5/6 levels left

rFire    x . .     SeeInvis .   a - -1 dagger (curse)
rCold    + . .     Gourm    .   (no shield)
rNeg     + + +     Faith    .   c - +0 robe
rPois    ∞         Spirit   .   (no helmet)
rElec    .         Reflect  .   f - +0 cloak
rCorr    .         Harm     .   (no gloves)
MR       .....                  (no boots)
Stlth    ++........             (no amulet)
HPRegen  0.06/turn              (no ring)
MPRegen  0.09/turn              (no ring)

@: very slightly contaminated
A: no food or potions, fire vulnerability, cold resistance 1, negative energy
resistance 3, torment resistance, unbreathing
a: no special abilities


You were on level 1 of the Dungeon.
You were not hungry.

You visited 1 branch of the dungeon, and saw 1 of its levels.

You collected 6 gold pieces.

Inventory:

Hand Weapons
 a - a cursed -1 dagger (weapon)
Missiles
 b - 20 stones (quivered)
 e - 8 needles of sleeping
Armour
 c - a +0 robe (worn)
 f - a +0 cloak (worn)
Books
 d - a book of Geomancy

   Spells                             Type                      Level
   a - Sandblast                      Earth                        1
   b - Passwall                       Transmutation/Earth          2
   c - Stone Arrow                    Conjuration/Earth            3
   d - Petrify                        Transmutation/Earth          4
   e - Lee's Rapid Deconstruction     Earth                        5


   Skills:
 - Level 1.5 Dodging
 - Level 1.5 Stealth
 + Level 2.9 Spellcasting
   Level 0.7 Transmutations
 * Level 2.9 Earth Magic


You had 5 spell levels left.
You knew the following spells:

 Your Spells              Type           Power        Failure   Level  Hunger
a - Sandblast             Erth           ##....       6%          1    N/A

Dungeon Overview and Level Annotations

Branches:
Dungeon (1/15)

Altars:


Innate Abilities, Weirdness & Mutations

You do not eat or drink.
Your flesh is vulnerable to fire.
You are immune to poison.
Your flesh is cold resistant. (rC+)
You are immune to negative energy. (rN+++)
You are immune to unholy pain and torment.
You can survive without breathing.


Message History

The bat completely misses you. The bat completely misses you.
The bat hits you but does no damage. x2
The bat hits you.
* * * LOW HITPOINT WARNING * * *
Okay, then.
Sorry, you're not good enough to have a special ability.
You can't drink.
Unknown command.
You can't drink.
Okay, then.
You swing at nothing.
The bat closely misses you. The bat hits you but does no damage.
You barely miss the bat. The bat hits you but does no damage.
The bat completely misses you.
You hit the bat.
The bat is severely wounded.
The bat hits you but does no damage. x2
You closely miss the bat.
The bat is severely wounded.
The bat barely misses you. The bat hits you but does no damage.
You barely miss the bat.
The bat is severely wounded.
The bat hits you but does no damage.
Unknown command.
You barely miss the bat.
The bat is moderately wounded.
The bat barely misses you.
Unknown command.
You closely miss the bat.
The bat is moderately wounded.
The bat hits you but does no damage. The bat hits you.
* * * LOW HITPOINT WARNING * * *
You barely miss the bat. The bat barely misses you.
You miss the bat. The bat hits you.
* * * LOW HITPOINT WARNING * * *
Your magical contamination has completely faded away.
You hit the bat.
The bat is severely wounded.
The bat completely misses you. The bat barely misses you.
You closely miss the bat. The bat closely misses you.
You hit the bat.
You kill the bat!
You hit the goblin.
The goblin is heavily wounded.
You hit the goblin but do no damage.
The goblin is heavily wounded.
The goblin hits you.
* * * LOW HITPOINT WARNING * * *
Unknown command.
You hit the goblin but do no damage.
The goblin is heavily wounded.
The goblin hits you but does no damage.
Unknown command.
Casting: Sandblast (safe; 6% risk of failure)
Confirm with . or Enter, or press ? or * to list all spells.
Aiming: Sandblast (safe; 6% risk of failure)
Press: ? - help, Shift-Dir - straight line, f - goblin
Aim: a goblin (heavily wounded)
You miscast Sandblast.
You are very lightly contaminated with residual magic.
You are showered with tiny particles of grit.
The goblin hits you.
You die...

#.. ..##......# #...# #.#... .
#. #####.#.#..# #...# #.#.##.#
# ####.#.#(.######.#.# #...$.
. #
.........$.l.......r###.#.##.#
#
.####.####.######.l..........#
# #. #.# ###....g...... # #
#.# #####.#.##.# #
#.############.#.##.# #
#.##@grlg.....g......
#.############.###### ..# #.#
#.# ###


You could see a leopard gecko, a hobgoblin, a goblin and a rat.

Vanquished Creatures
  2 goblins (D:1)
  2 jackals (D:1)
  4 kobolds (D:1)
  A bat (D:1)
  A frilled lizard (D:1)
  A rat (D:1)
11 creatures vanquished.

Notes
Turn   | Place    | Note
-------+----------+-------------------------------------------
     0 | D:1      | Amnesiac the Mummy Earth Elementalist began the quest for the Orb.
     0 | D:1      | Reached XP level 1. HP: 13/13 MP: 4/4
   300 | D:1      | Reached XP level 2. HP: 14/19 MP: 3/5
   405 | D:1      | Slain by a goblin

Vault maps used:
D:1:      lightli_arrival_quake

Action                   || total
-------------------------++-------
Melee: Unarmed           ||     4
       Dagger            ||    17
 Cast: Sandblast         ||    15
 Stab: Sleeping          ||     1
Armor: Robe              ||    26
Dodge: Dodged            ||    45

Table legend:
 A = Spawn XP
 B = Non-spawn XP
 C = Spawn XP percentage of total XP
 D = Spawn monster count
 E = Non-spawn monster count
 F = Spawn count percentage of total count
 G = Total turns spent on level
                    A         B        C        D         E        F      G
               +---------+---------+-------+---------+---------+-------+---------
         Total |       0 |      17 |   0.0 |       0 |      11 |   0.0 |   405
               +---------+---------+-------+---------+---------+-------+---------
           D:1 |       0 |      17 |   0.0 |       0 |      11 |   0.0 |   405
               +---------+---------+-------+---------+---------+-------+---------
